 Dungeon Crawl Stone Soup version 0.18.0-1-g0107ab7 (webtiles) character file.

29 Chiseanne the Magician (level 3, 22/26 HPs)
             Began as a Demonspawn Wizard on May 5, 2016.
             Quit the game on level 1 of the Dungeon.
             The game lasted 00:01:47 (1196 turns).

Chiseanne the Magician (Demonspawn Wizard)          Turns: 1196, Time: 00:01:47

Health: 22/26      AC:  5    Str:  7    XL:     3   Next: 1%
Magic:  1/7        EV: 12    Int: 20    God:
Gold:   27         SH:  0    Dex: 11    Spells: 3 memorised, 3 levels left

rFire  . . .     SeeInvis .     n - +2 dagger (venom)
rCold  . . .     Gourm    .     a - +0 robe
rNeg   . . .     Faith    .     (no shield)
rPois  .         Spirit   .     b - +0 hat
rElec  .         Dismiss  .     (no cloak)
rCorr  .         Reflect  .     m - +0 pair of gloves
SustAt .         Harm     .     (no boots)
MR     .....                    (no amulet)
Stlth  ++........               (no ring)
                                (no ring)

@: repel missiles, not resistant to hostile enchantments, unstealthy
A: yellow scales 1, demonic guardian 1
a: no special abilities


You were on level 1 of the Dungeon.
You were not hungry.

You visited 1 branch of the dungeon, and saw 1 of its levels.

You collected 27 gold pieces.

Inventory:

Hand Weapons
 n - a +2 dagger of venom (weapon)
Missiles
 e - 39 stones (quivered)
 i - 47 bolts
 k - 32 poisoned needles
 o - 2 tomahawks
Armour
 a - a +0 robe (worn)
 b - a +0 hat (worn)
 m - a +0 pair of gloves (worn)
Scrolls
 f - 3 scrolls of teleportation {unknown}
Potions
 j - a potion of cure mutation {unknown}
 l - a potion of berserk rage {unknown}
Books
 c - a book of Minor Magic

   Spells                             Type                      Level
   a - Magic Dart                     Conjuration                  1
   b - Blink                          Translocation                2
   c - Call Imp                       Summoning                    2
   d - Repel Missiles                 Charms/Air                   2
   e - Slow                           Hexes                        2
   f - Conjure Flame                  Conjuration/Fire             3
   g - Mephitic Cloud                 Conjuration/Poison/Air       3
Comestibles
 d - a bread ration
 g - a chunk of flesh
 h - 2 meat rations


   Skills:
 + Level 1.6 Fighting
 - Level 1.7 Dodging
 - Level 1.7 Stealth
 - Level 3.3 Spellcasting
 - Level 1.5 Conjurations
   Level 1.0 Summonings
 - Level 0.8 Translocations


You had 3 spell levels left.
You knew the following spells:

 Your Spells              Type           Power        Failure   Level  Hunger
a - Magic Dart            Conj           #...         10%         1    None
b - Blink                 Tloc           N/A          17%         2    ##.....
c - Repel Missiles        Chrm/Air       #.....       24%         2    ##.....


Dungeon Overview and Level Annotations

Branches:
Dungeon (1/15)

Altars:


Innate Abilities, Weirdness & Mutations

You are partially covered in yellow scales (AC +2).
A weak demonic guardian rushes to your aid.


Message History

Aiming: Magic Dart
Press: ? - help, Shift-Dir - straight line, f/p - jackal
Aim: a jackal (heavily wounded)
The magic dart hits the jackal.
The jackal is almost dead.
The jackal misses you. The jackal bites you.
Casting: Magic Dart
Confirm with . or Enter, or press ? or * to list all spells.
Aiming: Magic Dart
Press: ? - help, Shift-Dir - straight line, f/p - jackal
Aim: a jackal (almost dead)
The magic dart hits the jackal.
You kill the jackal!
You have reached level 3!
Your experience leads to an increase in your attributes!
Increase (S)trength, (I)ntelligence, or (D)exterity?
You feel clever.
Your demonic ancestry asserts itself...
You feel the presence of a demonic guardian.
A jackal comes into view.
Are you sure you want to abandon this character and quit the game? (Confirm with "yes".)

#.##.##.# #.##.##.# #.##.##.#
#.......# ############ ####....#
########.......#.h #.....
#......#.#####.#.# .#####.....
#........#####.#.####...........
#.#.#.##.......@....# ###....#
#.....##.#####.#.#.#..#####.####
#.#.#..#.......#..###....##.#
#........#######...#..##.##.#
###.#.#### ###.#.......# #...#
##.#####.# ###.### ####### #.#
#.# #...# #.....# #.# #.####
###.# #.....###.# #.....


You could see a jackal (wandering).

Vanquished Creatures
  An ooze (D:1)
  A dart slug (D:1)
  2 hobgoblins (D:1)
  4 jackals (D:1)
  5 kobolds (D:1)
  A ball python (D:1)
  5 bats (D:1)
  A giant newt (D:1)
  A goblin (D:1)
  2 rats (D:1)
23 creatures vanquished.

Notes
Turn   | Place    | Note
--------------------------------------------------------------
     0 | D:1      | Chiseanne the Demonspawn Wizard began the quest for the Orb.
     0 | D:1      | Reached XP level 1. HP: 13/13 MP: 4/4
   495 | D:1      | Gained mutation: You are partially covered in yellow scales (AC +2). [demonic ancestry]
   495 | D:1      | Reached XP level 2. HP: 19/19 MP: 0/6
   977 | D:1      | Reached skill level 1 in Fighting
  1136 | D:1      | Learned a level 2 spell: Blink
  1139 | D:1      | Learned a level 2 spell: Repel Missiles
  1195 | D:1      | Gained mutation: A weak demonic guardian rushes to your aid. [demonic ancestry]
  1195 | D:1      | Reached XP level 3. HP: 22/26 MP: 1/7
  1196 | D:1      | Quit the game

Skill      XL: |  1  2 |
---------------+-------+-----
Fighting       | 1 |  1.6
Dodging        | |  1.7
Stealth        | |  1.7
Spellcasting   | |  3.3
Conjurations   | |  1.5
Summonings     | |  1.0
Translocations | |  0.8

Action                   || total
-------------------------++-------
Melee: Dagger            ||    28
 Cast: Magic Dart        ||    47
       Repel Missiles    ||     1
 Stab: Sleeping          ||     1
  Eat: Chunk             ||     1
Armor: Robe              ||     9
Dodge: Dodged            ||    23
